 Dungeon Crawl Stone Soup version 0.14-a0-2964-g8dc6adb (webtiles) character file.

926629 miro the Sorcerer (level 27, -35/183 (185) HPs)
             Began as a High Elf Wizard on Feb 26, 2014.
             Was the Champion of Vehumet.
             Killed from afar by a Hell Sentinel (49 damage)
             ... with a blast of hellfire
             ... created by the effects of Hell
             ... on Level 7 of the Iron City of Dis on Mar 5, 2014.
             The game lasted 1day 14:07:03 (148904 turns).

miro the Sorcerer (High Elf Wizard)            Turns: 148904, Time: 1, 14:07:04

HP -35/183 (185) AC 21     Str  8 (9)  XL: 27
MP   9/50        EV 24     Int 28 (32) God: Vehumet [******]
Gold 9074        SH 25     Dex 22      Spells: 17 memorised,  1 level left

rFire  + + +     SeeInvis .     g - staff of energy
rCold  + + +     Clarity  .     K - +3 leather armour {rF+}
rNeg   + + +     Conserve +     F - +2 shield {reflect}
rPois  +         rCorr    +     H - +2 helmet {rF+}
rElec  .         rRot     +     f - +2 elf cloak {rCorr, Cons}
SustAb . .       Spirit   .     v - -1 pair of gloves {Dex+3}
rMut   .         Warding  +     j - +2 pair of boots {run}
Saprov . . .     Stasis   .     s - amulet "Clonyosk" {Ward Dex-1 Stlth++}
MR     ++++.                    n - ring of Lillux {Wiz Dex+2 Int+1}
                                q - ring of Juenuefu {Contam rF+ rC++ MR Dam-3}

@: lich-form, repel missiles, very slightly contaminated, quick, incredibly
resistant to hostile enchantments, very stealthy
A: no striking features
a: End Transformation, Renounce Religion
}: 5/15 runes: decaying, slimy, silver, golden, gossamer


You were on level 7 of the Iron City of Dis.
You worshipped Vehumet.
Vehumet was exalted by your worship.
You were not hungry.
You were in lich-form.
You visited 16 branches of the dungeon, and saw 81 of its levels.
You visited the Abyss 1 time.
You also visited: Labyrinth, Ice Cave and Volcano.

You collected 12130 gold pieces.
You spent 3056 gold pieces at shops.

Inventory:

Hand weapons
 e - a +0,+0 trident
Armour
 f - a +2 elven cloak of preservation (worn)
 j - a +2 pair of boots of running (worn)
 v - a -1 pair of gloves of dexterity (worn)
 F - a +2 shield of reflection (worn)
 H - a +2 helmet of fire resistance (worn)
 K - a +3 leather armour of fire resistance (worn)
Magical devices
 G - a wand of digging (18)
 I - a wand of teleportation (8)
 J - a wand of heal wounds (3)
 O - a wand of hasting (8)
 X - a wand of disintegration (19)
Comestibles
 x - 2 meat rations
 U - 2 bread rations
Scrolls
 m - 6 scrolls of teleportation
 y - 4 scrolls of identify
 L - a scroll of magic mapping
 Q - 3 scrolls of blinking
Jewellery
 a - the cursed amulet of Pneegy {Gourm Stlth+}
   (You found it on level 3 of the Tomb of the Ancients)

   [amulet of the gourmand]

   It makes you much more stealthy.
   It has a curse placed upon it.
 b - a cursed ring of flight
 h - a cursed +6 ring of evasion
 k - the cursed ring "Duineghai" {-Cast MR Stlth}
   (You found it on level 6 of the Pits of Slime)

   [ring of protection from magic]

   It prevents spellcasting.
   It makes you more stealthy.
   It has a curse placed upon it.
 l - a cursed ring of fire
 n - the ring of Lillux (right hand) {Wiz Dex+2 Int+1}
   (You found it on level 5 of the Vaults)

   [ring of wizardry]

   It affects your intelligence (+1).
   It affects your dexterity (+2).
 o - an uncursed amulet of resist mutation
 p - the ring "Fibudima" {Contam rC+ MR}
   (You found it on level 7 of the Iron City of Dis)

   [ring of protection from magic]

   It protects you from cold.
   It causes magical contamination when unequipped.
 q - the ring of Juenuefu (left hand) {Contam rF+ rC++ MR Dam-3}
   (You bought it in a shop on level 4 of the Orcish Mines)

   [ring of protection from magic]

   It affects your damage with ranged weapons and melee attacks (-3).
   It protects you from fire.
   It greatly protects you from cold.
   It causes magical contamination when unequipped.
 r - a cursed ring of teleportation
 s - the amulet "Clonyosk" (around neck) {Ward Dex-1 Stlth++}
   (You found it on level 6 of the Pits of Slime)

   [amulet of warding]

   It affects your dexterity (-1).
   It makes you much more stealthy.
 t - a cursed amulet of clarity
 z - a cursed +5 ring of strength
 B - a cursed ring of sustain abilities
 M - a cursed ring of fire
 N - an uncursed ring of see invisible
Potions
 d - a potion of heal wounds
 C - a potion of restore abilities
 R - 3 potions of curing
 S - a potion of brilliance
Magical staves
 g - an uncursed staff of energy (weapon)
 Y - a cursed staff of fire
Miscellaneous
 i - the horn of Geryon
 P - a phial of floods
Rods
 c - a +9 rod of destruction (14/14)
   (You found it on level 7 of the Iron City of Dis)


   Skills:
 + Level 14.7 Fighting
 - Level 14.1 Dodging
 - Level 2.1 Stealth
 - Level 10.0 Shields
 - Level 25.7 Spellcasting
 - Level 23.0 Conjurations
 - Level 10.4 Charms
   Level 0.8 Summonings
 - Level 20.2 Necromancy
 - Level 15.0 Translocations
 - Level 16.0 Transmutations
 - Level 19.0 Fire Magic
 + Level 15.1 Earth Magic
 + Level 24.7 Evocations


You had one spell level left.
You knew the following spells:

 Your Spells              Type           Power        Failure   Level  Hunger
a - Magic Dart            Conj           ####         0%          1    N/A
b - Fireball              Conj/Fire      ########..   0%          5    N/A
c - Controlled Blink      Tloc           N/A          1%          7    N/A
d - Repel Missiles        Chrm/Air       ######       1%          2    N/A
f - Conjure Flame         Conj/Fire      ########     0%          3    N/A
g - Iskenderun's Battles  Conj/Chrm      #######.     1%          5    N/A
h - Sticky Flame          Conj/Fire      ########     0%          4    N/A
i - Apportation           Tloc           #######...   0%          1    N/A
j - Iron Shot             Conj/Erth      #######...   1%          6    N/A
k - Regeneration          Chrm/Necr      ########..   0%          3    N/A
l - Control Teleport      Chrm/Tloc      #######...   1%          4    N/A
m - Haste                 Chrm           #######.     1%          6    N/A
n - Fire Storm            Conj/Fire      ########..   4%          9    N/A
o - Dispel Undead         Necr           ########     0%          5    N/A
q - Necromutation         Trmt/Necr      ########..   3%          8    N/A
r - Bolt of Magma         Conj/Fire/Erth #######...   1%          5    N/A
u - Sublimation of Blood  Necr           ########..   0%          2    N/A

Dungeon Overview and Level Annotations

Branches:
Dungeon (16/16)            Temple (1/1) D:7             Orc (4/4) D:11
    Elf (3/3) Orc:3          Lair (8/8) D:8           Swamp (5/5) Lair:4
 Spider (5/5) Lair:6        Slime (6/6) Lair:8       Vaults (5/5) D:15
  Blade (1/1) Vaults:3      Crypt (5/5) Vaults:3       Tomb (3/3) Crypt:2
   Hell (1/1)                 Dis (7/7) Hell            Geh (0/7) Hell
    Coc (0/7) Hell            Tar (0/7) Hell            Zot (5/5) Depths:6
 Depths (6/6) D:16

Altars:
Ashenzari
Cheibriados
Dithmenos
Elyvilon
Fedhas
Kikubaaqudgha
Makhleb
Nemelex Xobeh
Okawaru
Sif Muna
Trog
Vehumet
Xom
Yredelemnul
Zin
The Shining One
Beogh
Jiyva

Shops:
D:6 :   Orc:1 }   Orc:2 !   Orc:3 x   Orc:4 (=[*:   Elf:1 *   Elf:3 !
Vaults:3 *   Vaults:5 !%%   Depths:5 [   Depths:6 ?[*

Portals:
Hell: Depths:1 Depths:2 Depths:3 Depths:4 Depths:5 Depths:6
Abyss: Depths:3 Depths:4 Depths:5
Pandemonium: Depths:3
Ziggurat: Depths:4
Trove: Depths:3 (give +5,+4 demon blade)

Annotations:
Lair:8 exclusion: oklob plant
Dis:7 Dispater


Message History

The hellfire explodes!
The blast of hellfire engulfs you!
You see here a great mace.
Your extra speed is starting to run out.
You see here a flail.
There is an open gate here.
The Hell Sentinel gestures at you.
The hellfire explodes!
The blast of hellfire engulfs you!
* * * LOW HITPOINT WARNING * * *
You see here a lajatang.
The Hell Sentinel gestures at you.
The hellfire explodes!
The blast of hellfire engulfs you!
* * * LOW HITPOINT WARNING * * *
You feel yourself slow down.
You feel yourself come back to life.
Casting: Iron Shot
Confirm with . or Enter, or press ? or * to list all spells.
Your body is suffused with negative energy!
The Hell Sentinel gestures at you.
The hellfire explodes!
The blast of hellfire engulfs you!
You die...

##.).## ##....## ##...## ##....##
#.....# #......# ##...## ##....##
###'''##################''''#####
..........................)......
.................................
.................................
................L........).......
...#.#.#...#.#.#...#.#.#1).#.#.#.
...#####...#####...###.#'''#8###.
...#)|=#...#=[)#...# ###...### #.
...#...#...#...#...# #.).# #.
...#...#####...#########...######
.####'##≈.≈#...# #..#.).#..# #
##.#.......#...######..##1##..###
...'.......'...##...#....pz...##.


You could see a Hell Sentinel.

Vanquished Creatures
  the royal jelly (Slime:6)
  3 orbs of fire
  10 ancient liches
  26 greater mummies
  Saint Roka (Vaults:3)
  Boris (twice) (Vaults:3 Crypt:4)
  3 curse toes
  Sojobo (Depths:1)
  2 Killer Klowns (Zot:5)
  Mara (Spider:4)
  Geryon (Hell)
  10 golden dragons
  Jory (Depths:6)
  14 bone dragons
  An illusory Mara (Spider:4)
  Frederick (Tomb:2)
  4 electric golems (Zot:5)
  Nikola (Swamp:3)
  12 Brimstone Fiends
  Arachne (Spider:2)
  10 Hell Sentinels
  Asterion (Swamp:2)
  16 tentacled monstrosities
  7 Ice Fiends
  2 deep elf blademasters (Elf:3)
  9 titans
  2 deep elf master archers (Elf:3)
  25 Orb Guardians (Zot:5)
  2 Shadow Fiends
  6 liches
  26 acid blobs
  4 quicksilver dragons
  12 storm dragons
  An eldritch tentacle (Dis:2)
  3 Executioners
  9 sphinxes
  Rupert (D:14)
  Agnes (Depths:1)
  10 tengu reavers
  7 ancient champions
  Frances (Swamp:3)
  Kirke (Swamp:3)
  3 thorn hunters
  13 shadow dragons
  A revenant (Crypt:4)
  7 draconian monks
  11 frost giants
  10 iron dragons
  7 deep elf sorcerers
  Donald (Spider:4)
  6 draconian knights
  Wiglaf (Depths:1)
  18 vault wardens
  3 ghouls
  Maud (D:14)
  4 draconian scorchers
  15 azure jellies
  8 fire giants
  6 ghost moths
  3 draconian zealots
  4 emperor scorpions
  5 balrugs
  28 war gargoyles
  5 cacodemons
  An orc warlord (Orc:4)
  Jorgrun (Vaults:3)
  2 draconian shifters (Depths:6)
  70 reapers
  37 stone giants
  5 draconian annihilators
  2 draconian callers
  12 deep elf demonologists
  4 spriggan defenders
  8 mottled draconians
  4 green draconians
  2 grey draconians
  6 lorocyprocas
  8 white draconians
  5 purple draconians
  Azrael (Elf:1)
  A red draconian (shapeshifter) (Depths:3)
  A curse skull (Vaults:3)
  10 pale draconians
  9 red draconians
  9 vampire knights
  5 yellow draconians
  8 deep elf annihilators (Elf:3)
  9 black draconians
  8 deep elf death magi
  A minotaur (Lab)
  23 ettins
  Snorg (Lair:5)
  3 salamander firebrands (Hell)
  7 green deaths
  6 spriggan air magi
  14 vault guards
  7 death oozes (Slime:6)
  4 jiangshi
  15 fire dragons
  A spectral quicksilver dragon (Tomb:1)
  3 crystal guardians (Crypt:5)
  22 mummy priests
  2 eidola
  8 blizzard demons
  9 death cobs
  A kraken zombie (Hell)
  5 quicksilver dragon zombies
  A siren (shapeshifter) (Depths:3)
  A hydra (shapeshifter) (Depths:5)
  9 ironheart preservers
  3 deep elf high priests
  32 yaktaur captains
  28 hydras
  2 great orbs of eyes
  15 ice dragons
  4 naga warriors
  25 dancing weapons
  2 quicksilver dragon skeletons
  A monstrous demonspawn (Depths:3)
  Nessos (D:12)
  3 shambling mangroves
  9 small abominations
  9 alligators
  2 ravenous feature mimics
  A naga sharpshooter (Depths:5)
  A spriggan enchanter (Depths:5)
  Fannar (Lair:2)
  2 deep dwarf death knights
  11 ogre magi
  Erica (Lair:6)
  7 spriggan berserkers
  2 plague shamblers
  6 vampire magi
  A thrashing horror (Swamp:5)
  13 deep troll shamans
  5 tengu warriors
  6 death yaks
  6 titan zombies
  3 spriggan druids
  6 orc high priests
  9 deep troll earth magi
  6 storm dragon zombies
  A fire crab (Vaults:4)
  12 hell hogs
  26 iron golems
  19 iron trolls
  18 very ugly things
  17 centaur warriors
  35 hell knights
  Nergalle (Orc:4)
  A titan skeleton (Tomb:3)
  6 shadow wraiths
  7 hell beasts
  28 soul eaters
  An unseen horror (shapeshifter) (Vaults:3)
  6 sun demons
  A ghost moth zombie (Dis:7)
  18 deep elf knights
  21 orb spiders
  4 golden dragon zombies
  126 skeletal warriors
  2 storm dragon skeletons
  22 ice devils
  7 deep elf summoners
  3 giant orange brains
  Erolcha (Orc:1)
  3 shadow demons
  5 unseen horrors
  A swamp dragon (shapeshifter) (Vaults:5)
  A putrid demonspawn (Depths:3)
  32 deep trolls
  3 large abominations (Swamp:5)
  18 flayed ghosts
  An ice statue (IceCv)
  A lindwurm (shapeshifter) (Depths:3)
  19 ironbrand convokers
  5 wolf spider zombies
  An anaconda skeleton (Dis:5)
  3 griffons
  7 swamp dragons
  2 tengu zombies
  8 anaconda zombies
  24 hellions
  4 flaming corpses
  2 kraken simulacra
  5 iron dragon zombies
  A shadow dragon zombie (Dis:2)
  A harpy (shapeshifter) (Depths:1)
  12 deep elf conjurers
  Joseph (D:12)
  13 hill giants
  An oklob plant (Lair:4)
  21 necromancers
  3 harpies
  4 orc sorcerers
  7 red wasps
  10 stone giant zombies
  34 wolf spiders
  7 frost giant zombies
  10 fire giant zombies
  2 manticores
  A stone golem (Dis:1)
  3 shadow dragon skeletons
  4 sixfirhies
  A sphinx skeleton (Crypt:2)
  10 shining eyes
  A guardian serpent (Abyss:2)
  3 octopodes (shapeshifter)
  4 fire giant skeletons
  3 wizards (Depths:2)
  A worldbinder (Abyss:2)
  27 moths of wrath
  An iron dragon skeleton (Abyss:2)
  12 vault sentinels
  7 cyclopes
  17 elephants
  Maurice (D:12)
  2 stone giant skeletons
  17 phantasmal warriors
  2 naga magi (Depths:1)
  3 dire elephant zombies
  2 octopodes (D:15)
  A guardian serpent (shapeshifter) (Vaults:2)
  2 eyes of devastation
  5 orange demons
  An item mimic (D:11)
  Psyche (D:13)
  5 black mambas
  6 smoke demons
  3 dire elephant skeletons
  2 yaktaur zombies
  54 tormentors
  11 demonic crawlers
  A yellow draconian zombie (Dis:7)
  54 yaktaurs
  A storm dragon simulacrum (Crypt:2)
  5 hellwings
  86 iron devils
  A spectral human (Crypt:5)
  3 emperor scorpion zombies
  A wandering mushroom (D:8)
  12 deep elf priests
  2 efreet
  An iron troll zombie (Dis:7)
  A red draconian skeleton (Crypt:1)
  2 vapours
  22 blue devils
  5 tengu conjurers
  105 guardian mummies
  8 giant fireflies
  A fire drake (Zot:4)
  A mana viper zombie (Crypt:2)
  17 orc knights
  A shock serpent skeleton (Dis:4)
  A jumping spider (shapeshifter) (Depths:5)
  3 silent spectres
  A spriggan (shapeshifter) (Vaults:5)
  26 red devils
  28 spiny frogs
  41 jumping spiders
  4 harpy zombies
  An iron troll skeleton (Crypt:2)
  An ancient zyme (Abyss:2)
  11 spriggans
  Sonja (D:13)
  4 hydra zombies
  16 polar bears (IceCv)
  17 trolls
  10 giant leeches
  24 freezing wraiths
  4 catoblepas zombies
  18 two-headed ogres
  A harpy skeleton (Crypt:2)
  5 komodo dragons
  21 ravens
  127 slime creatures
  8 bog bodies
  6 boulder beetles
  5 baby alligators
  22 blink frogs
  2 basilisks (shapeshifter)
  A fire dragon zombie (Dis:4)
  An iron dragon simulacrum (Crypt:2)
  A moth of wrath zombie (Zot:2)
  2 ice dragon zombies
  A hydra skeleton (D:16)
  A grizzly bear (Lair:7)
  2 alligator zombies
  6 ettin zombies
  3 frost giant simulacra
  8 formicids
  2 ettin skeletons (Crypt:2)
  A redback (shapeshifter) (Elf:3)
  An alligator skeleton (Crypt:5)
  2 thorn lotuses
  3 black mamba zombies
  A tarantella (shapeshifter) (Vaults:5)
  62 redbacks
  5 hogs (Swamp:3)
  27 brown oozes
  A dragon skeleton (Crypt:3)
  31 tarantellas
  3 fire dragon skeletons
  A spectral black mamba (Tomb:1)
  25 trapdoor spiders
  3 water elementals (D:15)
  5 air elementals
  2 basilisks
  93 flying skulls
  3 toenail golems (Volcano)
  An elephant slug (Lair:6)
  7 fire elementals
  69 yaks
  30 deep elf magi
  109 ugly things
  16 vampires
  A ynoxinul (Tomb:1)
  A black mamba skeleton (Crypt:1)
  A hill giant zombie (D:12)
  A hog (shapeshifter) (Vaults:4)
  34 wraiths
  2 humans (shapeshifter)
  33 shadows
  Eustachio (D:4)
  A spriggan zombie (Crypt:5)
  A molten gargoyle (Hell)
  19 sharks
  7 golden eyes
  A yak (shapeshifter) (Vaults:5)
  A steam dragon (D:9)
  An emperor scorpion simulacrum (Crypt:2)
  6 wyverns
  3 chaos spawn
  4 hungry ghosts
  A yaktaur simulacrum (Vaults:2)
  27 deep elf fighters
  30 wolves
  3 neqoxecs
  11 hippogriffs
  38 vampire mosquitoes
  A hill giant skeleton (D:13)
  Edmund (D:5)
  A mottled dragon (D:15)
  6 nagas
  19 necrophages
  51 orc warriors
  65 hell hounds
  A torturous demonspawn zombie (Crypt:3)
  A glowing shapeshifter zombie (Crypt:4)
  3 hydra simulacra
  29 swamp worms
  4 spiny frog zombies
  6 humans (Volcano)
  A gelid demonspawn skeleton (Crypt:1)
  8 sky beasts
  A torturous demonspawn skeleton (Crypt:3)
  A black bear (shapeshifter) (Depths:4)
  An alligator simulacrum (Hell)
  An ice beast (shapeshifter) (Vaults:5)
  3 ice beasts
  10 porcupines
  3 manticore zombies
  14 swamp drakes
  A deep dwarf (D:9)
  7 phantoms
  10 human zombies
  5 snapping turtle zombies
  4 yellow wasps
  The ghost of Zurvan the Cudgeler, an average MiBe of Trog (D:3)
  A kobold demonologist (Depths:4)
  A swamp dragon zombie (Dis:4)
  2 blink frog zombies
  27 centaurs
  A human simulacrum (Vaults:2)
  2 snapping turtle skeletons
  18 giant goldfish
  A boring beetle (shapeshifter) (Depths:6)
  13 lost souls
  2 orc skeletons
  59 ogres
  21 crocodiles
  Duvessa (D:8)
  5 boring beetles
  30 giant frogs
  A manticore skeleton (Crypt:4)
  An elf zombie (Dis:4)
  21 giant slugs
  A hog skeleton (Crypt:2)
  3 big kobolds
  A gnoll sergeant (D:13)
  3 wargs
  A giant frog (shapeshifter) (Vaults:5)
  25 insubstantial wisps
  A cyclops skeleton (D:15)
  25 water moccasins
  2 hippogriff zombies
  2 snapping turtle simulacra
  19 eyes of draining
  A killer bee (D:15)
  An eye of draining (shapeshifter) (Depths:2)
  8 electric eels
  A polar bear skeleton (Crypt:3)
  54 wights
  2 troll zombies
  3 pulsating lumps
  Dowan (D:8)
  15 crimson imps
  5 goliath beetles
  6 starcursed masses (Abyss:2)
  54 spiders
  A giant frog zombie (D:9)
  51 orc priests
  15 big fish
  Crazy Yiuf (D:6)
  2 formicid zombies
  11 scorpions
  2 demonspawn skeletons
  A giant frog skeleton (D:6)
  9 hounds
  21 jellies
  A water moccasin skeleton (Crypt:3)
  A centaur zombie (Dis:2)
  74 iron imps
  22 worker ants
  A basilisk skeleton (Crypt:2)
  11 iguanas
  4 quasits
  Natasha (thrice) (D:3)
  43 orc wizards
  2 elf skeletons
  2 orange rats (Elf:2)
  25 sheep
  A deep dwarf zombie (Dis:4)
  A naga zombie (Dis:7)
  3 ogre zombies
  A naga skeleton (Crypt:1)
  13 boggarts
  A mottled dragon skeleton (D:10)
  A big kobold skeleton (D:13)
  A spider zombie (Crypt:1)
  A hound skeleton (D:5)
  50 mummies
  3 gnolls (D:13)
  A worker ant zombie (D:5)
  4 orc zombies
  74 green rats
  3 giant mites
  24 adders
  2 white imps (Dis:4)
  6 worms
  2 worms (shapeshifter)
  2 ufetubi
  A scorpion zombie (D:10)
  14 giant eyeballs
  8 giant geckos
  12 oozes
  208 orcs
  3 ball pythons
  13 bats
  A bat skeleton (D:4)
  9 giant cockroaches
  15 hobgoblins
  34 jackals
  16 quokkas
  A giant gecko skeleton (D:5)
  9 giant newts
  A giant newt zombie (Crypt:2)
  16 goblins
  A goblin skeleton (D:4)
  A green rat skeleton (Crypt:4)
  A hobgoblin skeleton (D:4)
  28 kobolds
  A kobold skeleton (Tomb:3)
  A quokka zombie (D:6)
  24 rats
  7 ballistomycetes (D:15)
  2 crawling corpses (Depths:3)
  13 fungi
  A macabre mass (Elf:2)
  2 plants
  2 tentacles (Hell)
5011 creatures vanquished.

Vanquished Creatures (collateral kills)
  2 jiangshi (Tomb:1)
  A mummy priest (Tomb:2)
  A hellwing (Tomb:3)
  A guardian mummy (Tomb:3)
  A shadow dragon simulacrum (Tomb:1)
  A fire dragon skeleton (Tomb:3)
  3 mummies
  An orc (D:11)
  A jackal (D:4)
12 creatures vanquished.

Vanquished Creatures (others)
  5 eldritch tentacles
  A draconian scorcher (Zot:1)
  A vault warden (Vaults:5)
  A draconian caller (Zot:1)
  17 vault guards (Vaults:5)
  An ironheart preserver (Vaults:5)
  A spectral human (Vaults:5)
  2 dancing weapons (Tomb:1)
  A spiny frog (Lair:8)
  A polar bear (IceCv)
  94 fire vortices
  4 deep elf fighters
  A wolf (IceCv)
  A human (D:8)
  2 lost souls
  A hell hound zombie (Hell)
  An ufetubus (Dis:4)
  An orc (Orc:1)
  A giant spore (D:15)
  A lurking horror (Abyss:2)
  3 butterflies (Dis:7)
  410 eldritch tentacle segments
  15 fungi
  14 plants
  2 starspawn tentacles (Abyss:2)
  A starspawn tentacle segment (Abyss:2)
  3 tentacles (Hell)
  4 tentacle segments (Hell)
590 creatures vanquished.

Grand Total: 5613 creatures vanquished

Notes
Turn   | Place    | Note
--------------------------------------------------------------
     0 | D:1      | miro, the High Elf Wizard, began the quest for the Orb.
     0 | D:1      | Reached XP level 1. HP: 11/11 MP: 5/5
   541 | D:1      | Reached XP level 2. HP: 17/17 MP: 0/7
  1708 | D:2      | Reached skill level 4 in Spellcasting
  1708 | D:2      | Reached XP level 3. HP: 21/21 MP: 1/11
  1796 | D:2      | Found a blossoming altar of Fedhas.
  1937 | D:2      | Learned a level 3 spell: Mephitic Cloud
  1941 | D:2      | Learned a level 3 spell: Conjure Flame
  1944 | D:2      | Learned a level 2 spell: Blink
  2142 | D:2      | Reached XP level 4. HP: 27/27 MP: 11/14
  2229 | D:2      | Learned a level 2 spell: Repel Missiles
  2305 | D:3      | Noticed Natasha
  2317 | D:3      | Killed Natasha
  2631 | D:3      | Reached XP level 5. HP: 31/31 MP: 1/17
  3369 | D:3      | Noticed Zurvan's ghost (average MiBe)
  3379 | D:3      | Noticed Natasha
  3381 | D:3      | Killed Zurvan's ghost
  3381 | D:3      | Reached skill level 5 in Spellcasting
  3381 | D:3      | Reached skill level 5 in Conjurations
  3521 | D:3      | Killed Natasha
  3607 | D:3      | Noticed Natasha
  3608 | D:3      | Killed Natasha
  3842 | D:4      | Reached XP level 6. HP: 36/36 MP: 10/20
  3907 | D:3      | HP: 1/36 [worker ant (3)]
  4751 | D:4      | Noticed Eustachio
  5002 | D:4      | Killed Eustachio
  5002 | D:4      | Reached skill level 6 in Conjurations
  5268 | D:4      | Reached XP level 7. HP: 41/41 MP: 9/23
  5527 | D:5      | Entered Level 5 of the Dungeon
  5671 | D:5      | Noticed Edmund
  5692 | D:5      | Killed Edmund
  5692 | D:5      | Reached skill level 7 in Conjurations
  5801 | D:5      | Found a glowing golden altar of the Shining One.
  6528 | D:5      | Reached skill level 8 in Conjurations
  6727 | D:6      | Reached XP level 8. HP: 11/46 MP: 16/24
  6973 | D:6      | Found Kuqel's Book Emporium.
  7275 | D:6      | Reached skill level 9 in Conjurations
  7788 | D:6      | Noticed Crazy Yiuf
  7798 | D:6      | Killed Crazy Yiuf
  7927 | D:6      | Upgraded the game from 0.14-a0-2839-g31ee8e6 to 0.14-a0-2848-g1d0399b
  8011 | D:7      | Found a staircase to the Ecumenical Temple.
  8019 | Temple   | Entered the Ecumenical Temple
  8049 | Temple   | Became a worshipper of Vehumet
  8179 | D:7      | Found a burning altar of Makhleb.
  8181 | D:7      | Found a shimmering altar of Xom.
  8299 | D:7      | Found a sparkling altar of Nemelex Xobeh.
  8423 | D:7      | Reached skill level 1 in Charms
  8463 | D:7      | Reached skill level 1 in Fire Magic
  8901 | D:7      | Reached XP level 9. HP: 51/51 MP: 20/27
  9235 | D:8      | Found an ancient bone altar of Kikubaaqudgha.
  9578 | D:8      | Noticed Duvessa
  9588 | D:8      | Noticed Dowan
  9594 | D:8      | Killed Duvessa
  9678 | D:8      | Killed Dowan
  9854 | D:8      | Found a staircase to the Lair.
 10028 | D:8      | Acquired Vehumet's first power
 10028 | D:8      | Offered knowledge of Sandblast by Vehumet.
 10031 | D:8      | Learned a level 1 spell: Sandblast
 10753 | D:8      | HP: 2/51 [poisoned by a water moccasin]
 10767 | D:8      | HP: 2/51 [poisoned by a water moccasin]
 11346 | D:8      | Reached skill level 5 in Charms
 11935 | D:8      | Reached XP level 10. HP: 56/56 MP: 23/30
 12073 | D:8      | Reached skill level 5 in Translocations
 12116 | D:9      | Found a deep blue altar of Sif Muna.
 12376 | D:9      | Paralysed by a giant eyeball for 2 turns
 12706 | D:9      | Found a shadowy altar of Dithmenos.
 12824 | D:9      | Offered knowledge of Sting by Vehumet.
 12967 | D:9      | Reached skill level 5 in Fire Magic
 13532 | D:9      | Gained mutation: You are partially covered in large bone plates (AC +2, SH +2). [mutagenic meat]
 13533 | D:9      | Gained mutation: You are agile. (Dex +2) [mutagenic meat]
 13610 | D:9      | Reached skill level 1 in Fighting
 13614 | D:9      | Reached skill level 1 in Shields
 13614 | D:9      | Reached skill level 10 in Spellcasting
 13616 | D:9      | Reached skill level 10 in Conjurations
 13769 | D:10     | Entered Level 10 of the Dungeon
 13923 | D:10     | Noticed a hill giant
 13931 | D:10     | Killed a hill giant
 14562 | D:10     | Offered knowledge of Throw Flame by Vehumet.
 14712 | D:10     | Learned a level 2 spell: Sublimation of Blood
 14718 | D:10     | Learned a level 5 spell: Bolt of Draining
 14851 | D:10     | Reached skill level 1 in Necromancy
 15558 | D:11     | Reached XP level 11. HP: 47/67 MP: 9/31
 15926 | D:11     | Acquired Vehumet's second power
 16175 | D:11     | Noticed an orc knight
 16215 | D:11     | Killed an orc knight
 16480 | D:11     | Reached skill level 5 in Dodging
 16481 | D:11     | Offered knowledge of Sticky Flame by Vehumet.
 16487 | D:11     | Learned a level 4 spell: Sticky Flame
 16601 | D:11     | Found a roughly hewn altar of Beogh.
 16603 | D:11     | Found a staircase to the Orcish Mines.
 16626 | D:11     | Noticed a seven-headed hydra
 16638 | D:11     | Killed a seven-headed hydra
 17017 | D:11     | Learned a level 3 spell: Regeneration
 17403 | Lair:1   | Entered Level 1 of the Lair of Beasts
 17470 | Lair:1   | Reached skill level 11 in Spellcasting
 17671 | Lair:1   | Acquired Vehumet's third power
 17826 | Lair:1   | Offered knowledge of Lightning Bolt by Vehumet.
 17848 | Lair:1   | Found a dark tunnel.
 17867 | Volcano  | Entered a volcano
 18371 | Lair:1   | Learned a level 5 spell: Fireball
 18944 | Lair:2   | Reached skill level 5 in Necromancy
 19125 | Lair:2   | Reached XP level 12. HP: 72/76 MP: 26/33
 19135 | Lair:2   | Reached skill level 5 in Fighting
 19252 | Lair:2   | Noticed Fannar
 19266 | Lair:2   | Killed Fannar
 19544 | Lair:2   | Noticed a five-headed hydra
 19546 | Lair:2   | Noticed a six-headed hydra
 19555 | Lair:2   | Killed a five-headed hydra
 19620 | Lair:2   | Killed a six-headed hydra
 19782 | Lair:2   | Reached skill level 12 in Spellcasting
 20506 | Lair:2   | Offered knowledge of Fulminant Prism by Vehumet.
 20850 | Lair:3   | Learned a level 4 spell: Control Teleport
 20907 | Lair:3   | Got a transparent ring mail
 20917 | Lair:3   | Identified the +1 ring mail of True Grit {Dex+2 Dam+5} (You found it on level 3 of the Lair of Beasts)
 21235 | Lair:4   | Offered knowledge of Bolt of Fire by Vehumet.
 21513 | Lair:4   | Found a staircase to the Swamp.
 21621 | Lair:4   | Noticed a seven-headed hydra
 21635 | Lair:4   | Killed a seven-headed hydra
 21757 | Lair:4   | Found a blossoming altar of Fedhas.
 21768 | Lair:4   | Reached skill level 13 in Spellcasting
 21768 | Lair:4   | Reached XP level 13. HP: 47/88 MP: 14/35
 22056 | Lair:4   | Found a burning altar of Makhleb.
 23045 | Lair:5   | Reached skill level 10 in Dodging
 23492 | Lair:5   | Noticed Snorg
 23522 | Lair:5   | HP: 4/89 [Snorg (11)]
 23543 | Lair:5   | Killed Snorg
 24293 | Lair:6   | Offered knowledge of Poisonous Cloud by Vehumet.
 24431 | Lair:6   | Found a hole to the Spider Nest.
 25173 | Lair:6   | Found a snail-covered altar of Cheibriados.
 25387 | Lair:6   | Noticed Erica
 25397 | Lair:6   | Killed Erica
 25521 | Lair:5   | Reached skill level 14 in Spellcasting
 26225 | Lair:7   | Reached skill level 10 in Fighting
 26634 | Lair:8   | Entered Level 8 of the Lair of Beasts
 26725 | Lair:8   | Found a viscous altar of Jiyva.
 26725 | Lair:8   | Found a staircase to the Slime Pits.
 26994 | Lair:8   | Reached XP level 14. HP: 99/99 MP: 37/37
 27237 | Lair:8   | Reached skill level 1 in Earth Magic
 27855 | Lair:8   | Got a bloodstained halberd
 27908 | Lair:8   | Identified the +9,+4 halberd of the Establishment {slay drac, +Rage rF+} (You found it on level 8 of the Lair of Beasts)
 27990 | Lair:8   | Offered knowledge of Iskenderun's Battlesphere by Vehumet.
 28010 | Lair:8   | Learned a level 5 spell: Iskenderun's Battlesphere
 28457 | Lair:8   | Got a transparent falchion
 28474 | Lair:8   | Identified the +10,+7 falchion of Fedhas' Hope {pain, rC+ MR++ Dex+1} (You found it on level 8 of the Lair of Beasts)
 28996 | Orc:1    | Entered Level 1 of the Orcish Mines
 29776 | Orc:3    | Offered knowledge of Delayed Fireball by Vehumet.
 29867 | Orc:3    | Found a staircase to the Elven Halls.
 29907 | Orc:3    | Found Sattaeh's Gadget Emporium.
 30469 | Orc:2    | Found Alozofi's Distillery.
 30541 | Orc:2    | Bought a potion of paralysis for 12 gold pieces
 30542 | Orc:2    | Found a radiant altar of Vehumet.
 30947 | Orc:1    | Found Wef Duir's Magical Wand Emporium.
 30947 | Orc:1    | Noticed Erolcha
 30956 | Orc:1    | Killed Erolcha
 31177 | Orc:4    | Entered Level 4 of the Orcish Mines
 31183 | Orc:4    | Offered knowledge of Bolt of Cold by Vehumet.
 31263 | Orc:4    | Found Kaosch's Book Shop.
 31268 | Orc:4    | Noticed Nergalle
 31282 | Orc:4    | Killed Nergalle
 31295 | Orc:4    | Found a roughly hewn altar of Beogh.
 32092 | Orc:4    | Noticed an orc warlord
 32477 | Orc:4    | Reached skill level 5 in Shields
 32653 | Orc:4    | Found Plosuk's General Store.
 32665 | Orc:4    | Found Kora's Jewellery Boutique.
 32667 | Orc:4    | Found Xuthodaj's Antique Armour Boutique.
 32667 | Orc:4    | Found Kongaig's Antique Weapon Shop.
 32697 | Orc:4    | Bought an uncursed amulet of resist mutation for 440 gold pieces
 32697 | Orc:4    | Bought the cursed ring of Juenuefu {Contam rF+ rC++ MR Dam-3} for 633 gold pieces
 32697 | Orc:4    | Bought an uncursed amulet of clarity for 220 gold pieces
 32891 | Orc:4    | Killed an orc warlord
 32891 | Orc:4    | Reached skill level 5 in Earth Magic
 33344 | Lair:2   | Learned a level 6 spell: Iron Shot
 33563 | D:12     | Noticed Nessos
 33566 | D:12     | Killed Nessos
 33598 | D:12     | Found a sparkling altar of Nemelex Xobeh.
 33668 | D:12     | Noticed Maurice
 33672 | D:12     | Killed Maurice
 33674 | D:12     | Reached XP level 15. HP: 103/103 MP: 22/38
 33690 | D:12     | Noticed Joseph
 33694 | D:12     | Killed Joseph
 33712 | D:12     | Offered knowledge of Ozocubu's Refrigeration by Vehumet.
 34045 | D:12     | Learned a level 1 spell: Apportation
 34384 | D:13     | Found a frozen archway.
 34401 | D:13     | Noticed Psyche
 34406 | D:13     | Killed Psyche
 34426 | D:13     | Noticed Sonja
 34427 | D:13     | Killed Sonja
 34443 | IceCv    | Entered an ice cave
 34538 | IceCv    | Got a shimmering hand axe
 34539 | IceCv    | Identified the +7,+8 hand axe "Plysch" {speed, rElec rPois} (You found it in an ice cave)
 36480 | D:14     | Noticed Rupert
 36525 | D:14     | Found a labyrinth entrance.
 36536 | Lab      | Entered a labyrinth
 37764 | D:14     | Noticed Maud
 37771 | D:14     | Killed Maud
 37884 | D:14     | Lost mutation: You are agile. (Dex +2) [mutagenic meat]
 37894 | D:14     | Lost mutation: You are partially covered in large bone plates (AC +2, SH +2). [mutagenic meat]
 38378 | Swamp:1  | Entered Level 1 of the Swamp
 39590 | Swamp:1  | Offered knowledge of Fire Storm by Vehumet.
 39590 | Swamp:1  | Offered knowledge of Glaciate by Vehumet.
 39590 | Swamp:1  | Offered knowledge of Shatter by Vehumet.
 40046 | Swamp:2  | Reached skill level 10 in Fire Magic
 40513 | Swamp:2  | Reached XP level 16. HP: 109/109 MP: 21/39
 40601 | Swamp:2  | Noticed Asterion
 40607 | Swamp:2  | Noticed a spectral weapon
 40608 | Swamp:2  | Killed Asterion
 40608 | Swamp:2  | Reached skill level 15 in Spellcasting
 40924 | Swamp:2  | Reached skill level 10 in Shields
 41223 | Swamp:2  | Reached skill level 1 in Evocations
 42369 | Swamp:3  | Noticed Frances
 42376 | Swamp:3  | Killed Frances
 42574 | Swamp:3  | Noticed Nikola
 42596 | Swamp:3  | Killed Nikola
 43440 | Swamp:3  | Noticed Kirke
 43445 | Swamp:3  | Killed Kirke
 43683 | Swamp:4  | Reached skill level 5 in Evocations
 44718 | Swamp:5  | Entered Level 5 of the Swamp
 45615 | Swamp:5  | Reached skill level 16 in Spellcasting
 45994 | Swamp:5  | Reached XP level 17. HP: 46/115 MP: 29/40
 46989 | Swamp:5  | Noticed a tentacled monstrosity
 47184 | Swamp:5  | Killed a tentacled monstrosity
 47505 | Swamp:5  | Got a decaying rune of Zot
 48419 | D:14     | Killed Rupert
 48419 | D:14     | Reached skill level 10 in Earth Magic
 48853 | D:15     | Entered Level 15 of the Dungeon
 49721 | D:15     | Found a gate to the Vaults.
 51166 | Spider:1 | Entered Level 1 of the Spider Nest
 53204 | Spider:2 | Got a distressingly furry chain mail
 53217 | Spider:2 | Identified the +4 chain mail of Pefeoc {MR++} (You found it on level 2 of the Spider Nest)
 53598 | Spider:2 | Noticed Arachne
 53690 | Spider:2 | Killed Arachne
 53690 | Spider:2 | Reached XP level 18. HP: 121/121 MP: 18/41
 53897 | Spider:3 | Reached skill level 17 in Spellcasting
 54794 | Spider:4 | Noticed Donald
 54867 | Spider:4 | Reached skill level 10 in Evocations
 55144 | Spider:4 | Killed Donald
 55165 | Spider:4 | Noticed Mara
 55166 | Spider:4 | Noticed miro's illusion
 55813 | Spider:4 | Noticed Mara
 55813 | Spider:4 | Killed Mara
 55814 | Spider:4 | Killed Mara
 55815 | Spider:4 | Noticed a Mara
 56972 | Spider:5 | Entered Level 5 of the Spider Nest
 58208 | Spider:5 | Got a gossamer rune of Zot
 58823 | Spider:5 | Reached skill level 15 in Conjurations
 59685 | Lair:2   | Learned a level 6 spell: Haste
 59959 | Elf:1    | Entered Level 1 of the Elven Halls
 60259 | Elf:1    | Found Iriadd's Assorted Antiques.
 60271 | Elf:1    | Bought a pair of runed boots for 58 gold pieces
 60275 | Elf:1    | Identified a +2 pair of boots of running (You bought it in a shop on level 1 of the Elven Halls)
 60317 | Elf:1    | Noticed Azrael
 60446 | Elf:1    | Reached skill level 18 in Spellcasting
 60927 | Elf:1    | Reached XP level 19. HP: 122/126 MP: 35/42
 60967 | Elf:1    | Killed Azrael
 61608 | Elf:2    | Found a deep blue altar of Sif Muna.
 62398 | Elf:2    | Got a slimy blowgun
 62399 | Elf:2    | Identified the +4 blowgun of Ettakhir {speed, rC+ Str+2} (You took it off an orc on level 2 of the Elven Halls)
 62512 | Elf:3    | Entered Level 3 of the Elven Halls
 62512 | Elf:3    | Found Twacios' Distillery.
 62517 | Elf:3    | Bought a potion of magic for 119 gold pieces
 62517 | Elf:3    | Bought a potion of heal wounds for 51 gold pieces
 63791 | Elf:3    | Got a smoking amber ring
 64442 | Elf:3    | Got a dazzling falchion
 64442 | Elf:3    | Got a steaming buckler
 64443 | Elf:3    | Identified the +9,+10 falchion of the Fool {freeze, rF- Dex-2 Int+3} (You took it off a deep elf demonologist on level 3 of the Elven Halls)
 64453 | Elf:3    | Identified the cursed -1 buckler of Untruth {Dex+3} (You took it off a deep elf demonologist on level 3 of the Elven Halls)
 64638 | Elf:3    | Got a vibrating amber ring
 65576 | Elf:3    | Got a twisted cutlass
 65577 | Elf:3    | Identified the +0,+11 cutlass of Drought {venom, -Cast +Rage} (You found it on level 3 of the Elven Halls)
 65594 | Elf:3    | Got a fine crossbow
 65595 | Elf:3    | Identified the +11,+7 crossbow "Mniclaal" {venom, *Tele rElec rN+} (You found it on level 3 of the Elven Halls)
 65598 | Elf:3    | Identified the Guide on the Snowflakes
 65605 | Elf:3    | Identified the cursed ring of Plecuucu {rC++ Dex-1 Acc-2 Dam-2} (You took it off a deep elf high priest on level 3 of the Elven Halls)
 65785 | Elf:3    | Identified the ring "Ihyo" {MR Dex+2 Int+1} (You took it off a deep elf annihilator on level 3 of the Elven Halls)
 65816 | Elf:3    | Got a shimmering helmet
 65820 | Elf:3    | Identified the cursed -4 helmet "Takleilu" {Str+5 Int-4} (You found it on level 3 of the Elven Halls)
 66850 | Vaults:1 | Entered Level 1 of the Vaults
 67016 | Vaults:1 | Reached skill level 10 in Charms
 67248 | Vaults:1 | Upgraded the game from 0.14-a0-2848-g1d0399b to 0.14-a0-2881-g20de702
 67758 | Vaults:1 | Reached XP level 20. HP: 127/132 MP: 24/43
 67842 | Vaults:1 | Reached skill level 19 in Spellcasting
 68474 | Vaults:1 | Gained mutation: You have a fast metabolism. [mutagenic meat]
 68475 | Vaults:1 | Gained mutation: You have supernaturally acute eyesight. [mutagenic meat]
 68476 | Vaults:1 | Gained mutation: You are frail (-10% HP). [mutagenic meat]
 68477 | Vaults:1 | Gained mutation: You tend to lose your temper in combat. [mutagenic meat]
 68630 | Vaults:1 | Lost mutation: You are frail (-10% HP). [mutagenic meat]
 68631 | Vaults:1 | Gained mutation: You can spit poison. [mutagenic meat]
 69571 | Vaults:2 | Got a heavily runed sapphire amulet
 69809 | Vaults:2 | Gained mutation: You have a very fast metabolism. [mutagenic meat]
 69810 | Vaults:2 | Gained mutation: You are agile. (Dex +2) [mutagenic meat]
 70683 | Vaults:2 | Lost mutation: You can spit poison. [mutagenic meat]
 70999 | Vaults:3 | Identified the amulet "Nyir" {Faith Dam+3} (You found it on level 2 of the Vaults)
 71135 | Vaults:3 | Noticed Saint Roka
 71142 | Vaults:3 | Killed Saint Roka
 71410 | Vaults:3 | Found Puoc's Assorted Antiques.
 71410 | Vaults:3 | Noticed Jorgrun
 71416 | Vaults:3 | Killed Jorgrun
 71781 | Vaults:3 | Found a staircase to the Crypt.
 71900 | Vaults:3 | Found a staircase to the Hall of Blades.
 72033 | Blade    | Entered the Hall of Blades
 72751 | Vaults:3 | Got a steaming dagger
 72752 | Vaults:3 | Identified the cursed +0,+0 dagger of the Elven Halls {freeze, Contam Int+3} (You found it on level 3 of the Vaults)
 72913 | Vaults:3 | Noticed Boris
 72980 | Vaults:3 | Killed Boris
 72980 | Vaults:3 | Reached skill level 20 in Spellcasting
 73485 | Vaults:4 | Reached XP level 21. HP: 106/137 MP: 39/45
 74880 | D:16     | Entered Level 16 of the Dungeon
 75702 | D:16     | Found a staircase to the Depths.
 76457 | Depths:1 | Entered Level 1 of the Depths
 76584 | Depths:1 | Gained mutation: You are partially covered in molten scales (AC +1). [mutagenic meat]
 76671 | Depths:1 | Noticed Sojobo
 76676 | Depths:1 | Killed Sojobo
 76736 | Depths:1 | Lost mutation: You are agile. (Dex +2) [potion of cure mutation]
 76736 | Depths:1 | Lost mutation: You have a very fast metabolism. [potion of cure mutation]
 77047 | Depths:1 | Paralysed by a giant eyeball for 2 turns
 77099 | Depths:1 | Noticed Wiglaf
 77103 | Depths:1 | Killed Wiglaf
 77403 | Depths:1 | Found a gateway to Hell.
 77560 | Depths:1 | Found a shimmering altar of Xom.
 77564 | Depths:1 | Noticed Agnes
 77572 | Depths:1 | Killed Agnes
 78061 | Depths:2 | Reached skill level 15 in Fire Magic
 78211 | Depths:2 | Reached skill level 21 in Spellcasting
 78879 | Depths:2 | Reached XP level 22. HP: 139/144 MP: 14/46
 79756 | Depths:3 | Found a one-way gate leading to the halls of Pandemonium.
 80082 | Depths:3 | Got an agate-encrusted pearl dragon armour
 80097 | Depths:3 | Identified the cursed -2 pearl dragon armour of the Princeling {rF++ rN+ MR++ Str-1 SInv} (You found it on level 3 of the Depths)
 80801 | Depths:3 | Found a one-way gate to the infinite horrors of the Abyss.
 80978 | Depths:3 | Identified a +0 elven cloak of preservation (You found it on level 3 of the Depths)
 81247 | Depths:3 | Found a portal to a secret trove of treasure.
 81789 | Depths:4 | Found a gateway to a ziggurat.
 81885 | Depths:4 | Reached skill level 22 in Spellcasting
 82932 | Depths:5 | Reached XP level 23. HP: 148/148 MP: 43/47
 82974 | Depths:5 | Found Havy's Armour Shop.
 83548 | Depths:5 | Identified a scroll of acquirement
 83553 | Depths:5 | Got a polished helmet
 83557 | Depths:5 | Identified the +1 helmet of the Illusory Lies {Dex+3 Acc+5} (You acquired it on level 5 of the Depths)
 83952 | Depths:5 | Learned a level 9 spell: Fire Storm
 84112 | Depths:6 | Entered Level 6 of the Depths
 84466 | Depths:6 | Found a gate to the Realm of Zot.
 84889 | Depths:6 | Found Qiappewu's Magic Scroll Emporium.
 84925 | Depths:6 | Found Smuokhlony's Antique Armour Shop.
 84939 | Depths:6 | Noticed Jory
 84948 | Depths:6 | Killed Jory
 85421 | Depths:6 | Reached skill level 23 in Spellcasting
 85538 | Depths:6 | Found Pligg's General Store.
 85857 | Depths:6 | Bought an ancient leather armour for 161 gold pieces
 85871 | Depths:6 | Identified the cursed -3 leather armour "Neiten" {rF+ Stlth++} (You bought it in a shop on level 6 of the Depths)
 86866 | Lair:2   | Lost mutation: You have a fast metabolism. [potion of cure mutation]
 86866 | Lair:2   | Lost mutation: You are partially covered in molten scales (AC +1). [potion of cure mutation]
 86866 | Lair:2   | Lost mutation: You tend to lose your temper in combat. [potion of cure mutation]
 86866 | Lair:2   | Lost mutation: You have supernaturally acute eyesight. [potion of cure mutation]
 86880 | Lair:2   | Learned a level 5 spell: Dispel Undead
 87345 | Crypt:1  | Entered Level 1 of the Crypt
 89054 | Crypt:2  | Found a staircase to the Tomb.
 89606 | Crypt:2  | Reached XP level 24. HP: 146/152 MP: 29/48
 91906 | Crypt:4  | Noticed Boris
 91911 | Crypt:4  | Killed Boris
 92373 | Crypt:5  | Entered Level 5 of the Crypt
 94121 | Crypt:5  | Found an ancient bone altar of Kikubaaqudgha.
 94121 | Crypt:5  | Noticed an ancient lich
 94123 | Crypt:5  | Killed an ancient lich
 94123 | Crypt:5  | Reached skill level 24 in Spellcasting
 94349 | Crypt:5  | Got a slimy war axe
 94350 | Crypt:5  | Identified the +4,+10 war axe of Mana {drain, rF++ MR++} (You found it on level 5 of the Crypt)
 96774 | Vaults:5 | Entered Level 5 of the Vaults
 97110 | Vaults:5 | Reached skill level 10 in Necromancy
 97114 | Vaults:5 | Reached XP level 25. HP: 156/158 MP: 16/49
 98302 | Vaults:5 | Got a steaming iron ring
 99050 | Vaults:5 | Identified a +4 rod of fiery destruction (12/12) (You took it off a tengu reaver on level 5 of the Vaults)
 99138 | Vaults:5 | Found Gioxige's Food Shoppe.
 99145 | Vaults:5 | Found Goistrol's Distillery.
 99154 | Vaults:5 | Noticed an ancient lich
 99215 | Vaults:5 | Killed an ancient lich
 99413 | Vaults:5 | Got a silver rune of Zot
 99464 | Vaults:5 | Found Lirylikaam's Food Emporium.
 99872 | Vaults:5 | Reached skill level 25 in Spellcasting
100175 | Vaults:5 | Got a smoking dagger
100178 | Vaults:5 | Identified the cursed +1,-2 dagger "Gram" {stab, Str+1} (You found it on level 5 of the Vaults)
100190 | Vaults:5 | Got a slimy cutlass
100192 | Vaults:5 | Identified the +11,+6 cutlass "Thudez" {venom, +Blink +Rage Str+1 Int+3} (You found it on level 5 of the Vaults)
100209 | Vaults:5 | Identified the ring of Rielurch {rF++ MR+ MP+9 Acc+2 Dam+5 Stlth++} (You took it off an ironbrand convoker on level 5 of the Vaults)
100439 | Vaults:5 | Got a steaming jade ring
100449 | Vaults:5 | Got a slimy chain mail
100478 | Vaults:5 | Got a twisted scythe
100492 | Vaults:5 | Identified the +4 chain mail of the Eleven Lives {rPois MR++} (You found it on level 5 of the Vaults)
100504 | Vaults:5 | Identified the ring of Lillux {Wiz Dex+2 Int+1} (You found it on level 5 of the Vaults)
100648 | Vaults:5 | Upgraded the game from 0.14-a0-2881-g20de702 to 0.14-a0-2888-g61d0ccb
100657 | Vaults:5 | Got a fine quarterstaff
100664 | Vaults:5 | Identified the cursed +4,+2 quarterstaff "Pnytaw" {speed, Int+2} (You took it off a yaktaur on level 5 of the Vaults)
100667 | Vaults:5 | Identified the +9,+11 scythe of Drought {venom, rElec MR++ Stlth++} (You found it on level 5 of the Vaults)
101218 | Lair:2   | Learned a level 2 spell: Sticks to Snakes
101637 | Depths:1 | Reached skill level 1 in Transmutations
101833 | Hell     | Entered the Vestibule of Hell
101870 | Hell     | Noticed Geryon
101965 | Hell     | Killed Geryon
102448 | Hell     | Reached XP level 26. HP: 163/163 MP: 23/49
102490 | Hell     | Found a gateway to the Iron City of Dis.
102820 | Hell     | Found a gateway to the ashen valley of Gehenna.
103347 | Hell     | Found a gateway to the freezing wastes of Cocytus.
103360 | Hell     | Reached skill level 5 in Transmutations
103729 | Hell     | Found a gateway to the decaying netherworld of Tartarus.
104523 | Zot:1    | Entered Level 1 of the Realm of Zot
104699 | Zot:1    | Learned a level 5 spell: Bolt of Magma
108142 | Zot:3    | Gained mutation: You can breathe flames. [potion of beneficial mutation]
108270 | Zot:3    | Reached XP level 27. HP: 175/175 MP: 17/50
108592 | Zot:3    | Noticed an orb of fire
108603 | Zot:3    | Gained mutation: You are frail (-10% HP). [an orb of fire]
108609 | Zot:3    | Gained mutation: You occasionally shout uncontrollably. [an orb of fire]
108614 | Zot:3    | Killed an orb of fire
109878 | Zot:4    | Reached skill level 10 in Transmutations
109936 | Zot:4    | Got a pair of polished boots
109948 | Zot:4    | Identified the +0 pair of boots of the Lair of Beasts {rF++ Dex+2} (You acquired it on level 4 of the Realm of Zot)
110200 | Zot:4    | Upgraded the game from 0.14-a0-2888-g61d0ccb to 0.14-a0-2910-g8a9724b
110248 | Zot:5    | Entered Level 5 of the Realm of Zot
110781 | Zot:5    | Reached skill level 15 in Necromancy
110866 | Zot:5    | Noticed an ancient lich
110880 | Zot:5    | Killed an ancient lich
111342 | Zot:5    | Noticed an ancient lich
111346 | Zot:5    | Killed an ancient lich
111531 | Zot:5    | Noticed an ancient lich
111535 | Zot:5    | Killed an ancient lich
111561 | Zot:5    | Noticed an ancient lich
111566 | Zot:5    | Killed an ancient lich
111898 | Zot:5    | Noticed an ancient lich
111902 | Zot:5    | Killed an ancient lich
111988 | Zot:5    | Noticed an orb of fire
111993 | Zot:5    | Killed an orb of fire
112135 | Zot:5    | Noticed an ancient lich
112141 | Zot:5    | Killed an ancient lich
112259 | Zot:5    | Noticed an orb of fire
112267 | Zot:5    | Killed an orb of fire
113052 | Zot:5    | Noticed an ancient lich
113067 | Zot:5    | Killed an ancient lich
113251 | Zot:5    | Noticed an ancient lich
113255 | Zot:5    | Killed an ancient lich
114162 | Lair:2   | Learned a level 8 spell: Necromutation
114179 | Lair:2   | Lost mutation: You occasionally shout uncontrollably. [potion of cure mutation]
114179 | Lair:2   | Lost mutation: You are frail (-10% HP). [potion of cure mutation]
114179 | Lair:2   | Lost mutation: You can breathe flames. [potion of cure mutation]
114868 | Tomb:1   | Entered Level 1 of the Tomb of the Ancients
116053 | Lair:2   | Learned a level 5 spell: Tukima's Dance
119055 | Orc:4    | Bought an uncursed ring of sustain abilities for 192 gold pieces
121246 | Tomb:2   | Noticed Frederick
121256 | Tomb:2   | Killed Frederick
121411 | Tomb:3   | Entered Level 3 of the Tomb of the Ancients
121443 | Tomb:3   | Reached skill level 15 in Evocations
121903 | Tomb:3   | Cast into the Abyss (the power of Zot)
121903 | Abyss:1  | Found a corrupted altar of Lugonu.
122344 | Tomb:3   | Escaped the Abyss
122502 | Tomb:3   | Got a transparent lajatang
122687 | Tomb:3   | Got a golden rune of Zot
122862 | Tomb:3   | Got a crude emerald amulet
122963 | Tomb:3   | Identified a +1 rod of striking (11/11) (You found it on level 3 of the Tomb of the Ancients)
123004 | Tomb:3   | Identified the Compendium of the Escort and the Compass (You found it on level 3 of the Tomb of the Ancients)
123008 | Tomb:3   | Got a faintly glowing leather armour
123016 | Tomb:3   | Identified the +2 leather armour of the Gravedigger {rElec MR+} (You found it on level 3 of the Tomb of the Ancients)
123024 | Tomb:3   | Identified the amulet of Pneegy {Gourm Stlth+} (You found it on level 3 of the Tomb of the Ancients)
123040 | Tomb:3   | Identified a +1 rod of shadows (12/12) (You found it on level 3 of the Tomb of the Ancients)
123074 | Tomb:3   | Got an encrusted falchion
123088 | Tomb:3   | Got a transparent war axe
123093 | Tomb:3   | Identified the cursed -2,+2 falchion "Amihy" {freeze, rPois} (You found it on level 3 of the Tomb of the Ancients)
123093 | Tomb:3   | Identified the cursed +3,+3 war axe "Tezo" {venom, rC- Str+1 SInv Stlth--} (You found it on level 3 of the Tomb of the Ancients)
123852 | Hell     | Upgraded the game from 0.14-a0-2910-g8a9724b to 0.14-a0-2939-ge0b1554
124158 | Orc:4    | Bought a book of the Warp for 1170 gold pieces
124562 | Lair:2   | Identified the +12,+5 lajatang of Hospitality {flame, rF+} (You found it on level 3 of the Tomb of the Ancients)
124697 | Slime:1  | Entered Level 1 of the Pits of Slime
125898 | Slime:6  | Entered Level 6 of the Pits of Slime
126969 | Slime:4  | Reached skill level 10 in Translocations
127504 | Slime:6  | Noticed the royal jelly
127530 | Slime:6  | Found a viscous altar of Jiyva.
127633 | Slime:6  | Killed the royal jelly
127647 | Slime:5  | Paralysed by a giant eyeball for 3 turns
127654 | Slime:5  | Paralysed by a giant eyeball for 3 turns
127831 | Slime:6  | Got a flickering lapis lazuli ring
127833 | Slime:6  | Identified the Handbook of Conjuration and Fire
127836 | Slime:6  | Got a scintillating golden amulet
127865 | Slime:6  | Got a slimy rune of Zot
127867 | Slime:6  | Identified Roxanne's Papyrus of Earthen Transmutation
128016 | Slime:6  | Identified a +7 rod of inaccuracy (11/11) (You found it on level 6 of the Pits of Slime)
128056 | Slime:6  | Identified the amulet "Clonyosk" {Ward Dex-1 Stlth++} (You found it on level 6 of the Pits of Slime)
128056 | Slime:6  | Identified the ring "Duineghai" {-Cast MR Stlth} (You found it on level 6 of the Pits of Slime)
128067 | Slime:6  | Got a jewelled scale mail
128068 | Slime:6  | Identified the +5 scale mail "Stubb" {Dex+3 Int-1} (You found it on level 6 of the Pits of Slime)
128671 | Depths:3 | Learned a level 7 spell: Controlled Blink
128692 | Depths:3 | Upgraded the game from 0.14-a0-2939-ge0b1554 to 0.14-a0-2950-gbe29d66
128777 | Dis:1    | Entered Level 1 of the Iron City of Dis
132039 | Dis:2    | Paralysed by the effects of Hell for 3 turns
133642 | Dis:4    | Reached skill level 15 in Translocations
137867 | Dis:7    | Entered Level 7 of the Iron City of Dis
139187 | Hell     | Upgraded the game from 0.14-a0-2950-gbe29d66 to 0.14-a0-2964-g8dc6adb
142454 | Dis:7    | Reached skill level 15 in Transmutations
147267 | Dis:7    | Got a scintillating silver ring
147284 | Dis:7    | Identified the ring "Fibudima" {Contam rC+ MR} (You found it on level 7 of the Iron City of Dis)
147567 | Dis:7    | Noticed Dispater
147759 | Dis:7    | Reached skill level 15 in Earth Magic
148904 | Dis:7    | Killed from afar by a Hell Sentinel

Action                   |  1- 3 |  4- 6 |  7- 9 | 10-12 | 13-15 | 16-18 | 19-21 | 22-24 | 25-27 || total
-------------------------+-------+-------+-------+-------+-------+-------+-------+-------+-------++-------
Melee: Dagger            |       |    11 |       |       |       |       |       |       |       ||    11
       Cutlass           |       |     1 |       |       |       |       |       |       |       ||     1
       Falchion          |       |       |    14 |       |    76 |    33 |    37 |   200 |     1 ||   361
       War axe           |       |       |    20 |   198 |    79 |       |       |       |       ||   297
       Unarmed           |       |       |       |    22 |    32 |       |     8 |       |       ||    62
       Hand axe          |       |       |       |       |    21 |    99 |     6 |     6 |     3 ||   135
       Staff             |       |       |       |       |       |       |       |       |    41 ||    41
 Cast: Magic Dart        |   102 |   173 |   510 |   513 |   811 |  1307 |   843 |   386 |   603 ||  5248
       Mephitic Cloud    |       |    15 |    17 |    11 |     3 |     4 |       |       |       ||    50
       Repel Missiles    |       |     1 |     2 |     1 |     3 |     5 |     2 |     3 |    13 ||    30
       Blink             |       |     4 |     5 |    14 |    12 |    24 |     4 |     4 |     8 ||    75
       Conjure Flame     |       |     6 |    41 |    87 |    31 |    10 |    26 |   122 |     4 ||   327
       Bolt of Draining  |       |       |       |    58 |    53 |       |       |       |       ||   111
       Sublimation of Bl |       |       |       |    96 |   281 |   180 |   242 |   354 |   420 ||  1573
       Sticky Flame      |       |       |       |    70 |   227 |    20 |    32 |   103 |     2 ||   454
       Fireball          |       |       |       |    32 |   132 |   176 |   285 |   105 |   132 ||   862
       Regeneration      |       |       |       |    20 |    61 |    53 |    40 |   104 |   136 ||   414
       Sandblast         |       |       |       |     1 |       |       |       |       |       ||     1
       Control Teleport  |       |       |       |       |    10 |     7 |     1 |     6 |     8 ||    32
       Iskenderun's Batt |       |       |       |       |   186 |   349 |   296 |   174 |   538 ||  1543
       Iron Shot         |       |       |       |       |    36 |   149 |   181 |   399 |  1983 ||  2748
       Apportation       |       |       |       |       |    32 |    75 |    41 |    42 |    23 ||   213
       Haste             |       |       |       |       |       |       |       |     4 |    19 ||    23
       Dispel Undead     |       |       |       |       |       |       |       |   141 |   955 ||  1096
       Bolt of Magma     |       |       |       |       |       |       |       |       |    88 ||    88
       Fire Storm        |       |       |       |       |       |       |       |       |    57 ||    57
       Necromutation     |       |       |       |       |       |       |       |       |   358 ||   358
       Controlled Blink  |       |       |       |       |       |       |       |       |    34 ||    34
       Tukima's Dance    |       |       |       |       |       |       |       |       |     2 ||     2
 Abil: Evoke Flight      |       |       |       |       |     2 |    12 |       |     2 |       ||    16
       Evoke Teleportati |       |       |       |       |       |       |       |       |     3 ||     3
       End Transformatio |       |       |       |       |       |       |       |       |     1 ||     1
Evoke: Wand              |       |     1 |     4 |     4 |    14 |     3 |     4 |     2 |     9 ||    41
       tome              |       |       |       |       |     1 |       |       |       |       ||     1
       Staff of energy   |       |       |       |       |       |       |       |     4 |  4487 ||  4491
       Crystal ball of e |       |       |       |       |       |       |       |     1 |       ||     1
       Horn of Geryon    |       |       |       |       |       |       |       |       |     1 ||     1
  Use: Potion            |       |     3 |       |       |     3 |     8 |     8 |     8 |    12 ||    42
       Scroll            |       |       |    22 |     9 |    27 |    21 |    13 |    21 |    39 ||   152
 Stab: Confused          |       |       |       |     1 |       |       |       |       |       ||     1
       Sleeping          |       |       |       |     1 |       |       |       |       |       ||     1
       Paralysed         |       |       |       |       |       |     2 |       |       |       ||     2
